 Dungeon Crawl Stone Soup version 0.28-a0-1518-gbe868bca14 (webtiles) character file.

Game seed: 10403413394158452788

539 blank1 the Skirmisher (level 7, -3/64 HPs)
             Began as a Minotaur Fighter on Jan 17, 2022.
             Was an Initiate of Okawaru.
             Slain by Pikel (5 damage)
             ... on level 4 of the Dungeon.
             The game lasted 00:05:26 (3871 turns).

blank1 the Skirmisher (Minotaur Fighter)            Turns: 3871, Time: 00:05:27

Health: -3/64      AC:  8    Str: 22    XL:     7   Next: 5%
Magic:  15/15      EV: 10    Int:  5    God:    Okawaru [......]
Gold:   197        SH:  4    Dex: 10    Spells: 6/6 levels left

rFire   . . .      SeeInvis .   a - +0 flail
rCold   . . .      Faith    .   c - +0 buckler
rNeg    . . .      Spirit   .   b - +0 scale mail
rPois   .          Reflect  .   (helmet restricted)
rElec   .          Harm     .   p - +0 cloak
rCorr   .          Rampage  .   (no gloves)
Will    .....                   (no boots)
Stlth   ..........              (no amulet)
HPRegen 0.20/turn               g - ring of magical power
MPRegen 0.14/turn               (no ring)

@: no status effects
A: horns 2, retaliatory headbutt
a: Renounce Religion


You were on level 4 of the Dungeon.
You worshipped Okawaru.
Okawaru was noncommittal.
You visited 2 branches of the dungeon, and saw 5 of its levels.

You collected 197 gold pieces.

Inventory:

Hand Weapons
 a - a +0 flail (weapon)
Armour
 b - a +0 scale mail (worn)
 c - a +0 buckler (worn)
 p - a +0 cloak (worn)
Jewellery
 g - a ring of magical power (left hand)
Wands
 q - a wand of flame (16)
Scrolls
 e - 2 scrolls of magic mapping {unknown}
 i - 2 scrolls of identify {unknown}
 k - a scroll of immolation {unknown}
 o - a scroll of enchant armour {unknown}
 r - a scroll of vulnerability {unknown}
Potions
 d - a potion of might
 f - a potion of degeneration {unknown}
 h - 2 potions of curing
 j - a potion of invisibility {unknown}
 l - a potion of cancellation {unknown}
 m - a potion of haste {unknown}
 n - 2 potions of magic {unknown}
 s - a potion of flight {unknown}


   Skills:
 + Level 6.5 Fighting
 + Level 6.5 Maces & Flails
 - Level 4.0 Armour
 - Level 2.0 Dodging
 - Level 4.0 Shields
 + Level 1.0 Invocations


You had 6 spell levels left.
You didn't know any spells.
Your spell library contained the following spells:

 Spells                   Type           Power      Damage    Failure   Level
 Ignite Poison            Fire/Tmut/Pois 0%         N/A       99%         3
 Mephitic Cloud           Conj/Pois/Air  0%         N/A       99%         3
 Freezing Cloud           Conj/Ice/Air   0%         6-21      100%        5


Dungeon Overview and Level Annotations

Branches:
Dungeon (4/15)             Temple (1/1) D:4

Altars:
Elyvilon
Gozag
Okawaru

Shops:
D:4 *

Annotations:
D:4 Pikel


Innate Abilities, Weirdness & Mutations

You have a pair of horns on your head.
You reflexively headbutt those who attack you in melee.


Message History

Pikel hits you with a +1 whip of flaming.
Pikel burns you.
You sock Pikel!
Pikel is moderately wounded.
Pikel closely misses you.
You sock Pikel!
Pikel is heavily wounded.
Pikel hits you but does no damage.
You barely miss Pikel. Your headbutt misses Pikel.
Pikel is heavily wounded.
Pikel hits you with a +1 whip of flaming!
Pikel burns you.
You barely miss Pikel.
Pikel is heavily wounded.
Pikel hits you with a +1 whip of flaming.
Pikel burns you.
You hit Pikel. Your headbutt misses Pikel.
Pikel is severely wounded.
Pikel closely misses you.
You barely miss Pikel. You headbutt Pikel!
Pikel is almost dead.
Pikel hits you with a +1 whip of flaming!
* * * LOW HITPOINT WARNING * * *
Pikel burns you.
* * * LOW HITPOINT WARNING * * *
Pikel hits you with a +1 whip of flaming.
* * * LOW HITPOINT WARNING * * *
Pikel burns you.
* * * LOW HITPOINT WARNING * * *
Unknown command.
You hit Pikel.
Pikel is almost dead.
Pikel hits you with a +1 whip of flaming.
* * * LOW HITPOINT WARNING * * *
Pikel burns you.
* * * LOW HITPOINT WARNING * * *
You barely miss Pikel. Your headbutt misses Pikel.
Pikel is almost dead.
Pikel hits you with a +1 whip of flaming.
You die...

.............###
#.......######
#######........#
#....÷K.# #........#
##..##.(# #.###....#
##.##..# ##.###....#
#..#5.# #....#.####
##.#..# #..#.#.# #.#..#
#....#.#########.#..#
##....#.....@K55.....#
#.....###########....#
#.(...# ##...# #####
#.....# #.>.# #....
#..##.# ####.# #[...
###..##.###########....#
#....
#.......#.........'....#
#####
#.......#.#########....#
#. #.......#.# ###### #.


You could see Pikel and 2 lemures.

Vanquished Creatures
  Menkaure (D:4)
  2 lemures
  Blork the orc (D:3)
  A scorpion (D:4)
  A jelly (D:4)
  A hound (D:4)
  An iguana (D:4)
  2 orc wizards (D:4)
  A howler monkey skeleton (D:4)
  7 adders
  2 adder skeletons (D:4)
  2 worms
  A dart slug (D:1)
  3 orcs
  8 bats
  4 endoplasms
  2 giant cockroaches
  5 hobgoblins
  6 jackals
  2 quokkas
  7 ball pythons
  3 frilled lizards
  8 goblins
  6 kobolds
  4 rats
81 creatures vanquished.

Notes
Turn   | Place    | Note
-------+----------+-------------------------------------------
     0 | D:1      | blank1 the Minotaur Fighter began the quest for the Orb.
     0 | D:1      | Reached XP level 1. HP: 19/19 MP: 0/0
   237 | D:1      | Reached XP level 2. HP: 24/27 MP: 1/1
   544 | D:1      | Reached skill level 1 in Dodging
   665 | D:1      | Found a faded altar of an unknown god.
   700 | D:1      | Reached XP level 3. HP: 33/33 MP: 2/2
  1250 | D:2      | Reached XP level 4. HP: 40/41 MP: 3/3
  2165 | D:4      | Reached skill level 5 in Fighting
  2165 | D:4      | Reached XP level 5. HP: 35/48 MP: 4/4
  2298 | D:4      | Reached skill level 5 in Maces & Flails
  2642 | D:4      | Noticed a lemure
  2642 | D:4      | Noticed Blork the orc
  2642 | D:4      | Noticed Pikel
  2642 | D:4      | Noticed a lemure
  2642 | D:4      | Noticed a lemure
  2664 | D:3      | Killed a lemure
  2775 | D:4      | Noticed Menkaure
  2779 | D:4      | Killed Menkaure
  2780 | D:4      | Reached XP level 6. HP: 31/57 MP: 5/5
  3144 | D:4      | Found Rytuiremm's General Store.
  3409 | D:4      | Found a staircase to the Ecumenical Temple.
  3428 | Temple   | Entered the Ecumenical Temple
  3451 | Temple   | Became a worshipper of Warmaster Okawaru
  3503 | D:3      | Killed Blork the orc
  3504 | D:3      | Reached XP level 7. HP: 28/64 MP: 6/6
  3782 | D:4      | Reached skill level 1 in Invocations
  3870 | D:4      | HP: 3/64 [Pikel (3)]
  3871 | D:4      | Slain by Pikel

Illustrated notes

Levels and vault maps discovered:
D:1:      giann_horns, layout_basic, shapermc_ecumenical_altar_petra
D:2:      layout_basic, kennysheep_potato
D:3:      layout_basic
D:4:      layout_basic, minmay_temple_entry_wispy, serial_shops,
          nicolae_shop_waterfront, uniq_menkaure, uniq_grinder, uniq_pikel,
          uniq_blork_the_orc
Temple:   roderic_octagonal_lattice_temple

Skill      XL: |  1  2  3  4  5  6  7 |
---------------+----------------------+-----
Dodging        | 1 2 |  2.0
Fighting       | 4 5 6 |  6.5
Armour         | 4 |  4.0
Shields        | 4 |  4.0
Maces & Flails | 3 4 5 6 |  6.5
Invocations    | 1 |  1.0

Action                   |  1- 3 |  4- 6 |  7- 9 || total
-------------------------+-------+-------+-------++-------
Melee: Flail             |    70 |   128 |    25 ||   223
       Headbutt          |    11 |    21 |     4 ||    36
Armor: Scale mail        |    38 |    41 |     2 ||    81
Dodge: Dodged            |    49 |    38 |     5 ||    92
Block: Buckler           |    18 |    23 |     1 ||    42

Table legend: (Time is in decaauts)
 A = Elapsed time spent in this place.
 B = Non-inter-level travel time spent in this place.
 C = Inter-level travel time spent in this place.
 D = Time resting spent in this place.
 E = Time spent auto-exploring this place.
 F = Levels seen in this place.
 G = Mean time per level.
                   A        B        C        D        E       F      G
               +--------+--------+--------+--------+--------+-----+--------+
         Total |   3924 |   3814 |    110 |    654 |   2505 |   5 |  784.8 |
       Dungeon |   3884 |   3789 |     95 |    654 |   2489 |   4 |  971.0 |
        Temple |     39 |     24 |     15 |      0 |     16 |   1 |   39.0 |
               +--------+--------+--------+--------+--------+-----+--------+

Top non-repeatable levels by time:
     D:4: 1178 daAuts
     D:3: 1133 daAuts
     D:1: 823 daAuts
     D:2: 748 daAuts
  Temple: 39 daAuts
